 Dungeon Crawl Stone Soup version 0.16-a0-3159-g1b9e691 (webtiles) character file.

568 Johnny the Bolt Thrower (level 7, -2/55 HPs)
             Began as a Human Hunter on Dec 15, 2014.
             Slain by a worker ant (5 damage)
             ... on level 4 of the Dungeon.
             The game lasted 00:05:34 (3065 turns).

Johnny the Bolt Thrower (Human Hunter)              Turns: 3065, Time: 00:05:34

Health: -2/55      AC:  3    Str: 13      XL:     7   Next: 59%
Magic:  7/7        EV: 13    Int: 10 (11) God:
Gold:   220        SH:  0    Dex: 15      Spells: 0 memorised, 6 levels left

rFire  . . .     SeeInvis .     x - +2 hand axe (chop)
rCold  . . .     Clarity  .     d - +0 leather armour
rNeg   . . .     SustAb   .     (no shield)
rPois  .         Gourm    .     (no helmet)
rElec  .         Spirit   .     (no cloak)
rCorr  .         Warding  .     (no gloves)
rMut   .         Rnd*Tele +     (no boots)
MR     .....                    A - amulet of rage
Stlth  ++........               D - ring of teleport control
                                C - ring of teleportation (curse)

@: lethally poisoned, not resistant to hostile enchantments, unstealthy
A: no striking features
a: Evoke Berserk Rage, Evoke Teleportation, Evoke Teleport Control


You were on level 4 of the Dungeon.
You were very hungry.

You visited 1 branch of the dungeon, and saw 4 of its levels.

You collected 220 gold pieces.

Inventory:

Hand weapons
 a - a +0 short sword
 b - a +1 hand crossbow
 n - a -1 hand axe
 x - a +2 hand axe of chopping (weapon)
Missiles
 c - 14 bolts
Armour
 d - a +0 leather armour (worn)
Jewellery
 t - an uncursed ring of fire
 A - an amulet of rage (around neck)
 C - a cursed ring of teleportation (left hand)
 D - a ring of teleport control (right hand)
Magical devices
 y - a wand of flame (11)
Scrolls
 k - a scroll of remove curse
 l - 2 scrolls of teleportation
 m - a scroll of fog {unknown}
 o - 2 scrolls of immolation
 p - 2 scrolls of enchant armour
 w - a scroll of enchant weapon {unknown}
Potions
 h - 2 potions of flight
 u - 3 potions of might
Comestibles
 f - 3 bread rations
 i - 2 beef jerkies
 j - 5 fruits
 s - a meat ration


   Skills:
 + Level 4.5 Fighting
 * Level 6.6 Crossbows
 + Level 4.0 Dodging
 - Level 1.0 Stealth


You had 6 spell levels left.
You didn't know any spells.

Dungeon Overview and Level Annotations

Branches:
Dungeon (4/15)
 Temple: D:4-7

Altars:
Ashenzari
Cheibriados
Elyvilon
Qazlal
Ru

Shops:
D:4 !


Message History

Unknown command.
Drink which item? (? for menu, Esc to quit)
It was a potion of cancellation.
Your magical effects are unravelling.
Your magical contamination has completely faded away.
You feel magically purged.
You feel yourself slow down.
You feel a little less agile now.
* * * LOW HITPOINT WARNING * * *
You feel sick.
Drink which item? (? for menu, Esc to quit)
It was a potion of curing.
You feel better. The worker ant bites you.
* * * LOW HITPOINT WARNING * * *
You are poisoned.
The worker ant poisons you! The worker ant misses you.
Drink which item? (? for menu, Esc to quit)
It was a potion of degeneration.
There was something very wrong with that liquid.
You feel dopey.
You feel sick. The worker ant bites you.
You die...

#.......)# #......
#........# #......
#......(.# #.....
#......).# ##.....
###....#######......
####...##..........####
####.........#####...##
##.......#####......#.#
........aa@....######.#
#........####### ##.#
∩........ .. ##..#
......>### #..####..##
....... #......÷.#
...... #####.##.####
..... #..##....## ####
#.######... #.# ####


You could see 2 worker ants.

Vanquished Creatures
  The ghost of Johnny the Bolt Thrower, an average HuHu (D:3)
  A phantom (D:3)
  A centaur (D:3)
  2 orc priests (D:3)
  3 adders
  4 gnolls (D:3)
  A giant mite (D:2)
  6 worms
  3 oozes
  14 orcs
  A ball python (D:3)
  13 bats
  2 giant cockroaches
  9 goblins
  6 hobgoblins
  14 kobolds
  2 quokkas (D:3)
  3 giant newts
  6 jackals
  2 jackal skeletons (D:4)
  7 rats
101 creatures vanquished.

Notes
Turn   | Place    | Note
--------------------------------------------------------------
     0 | D:1      | Johnny, the Human Hunter, began the quest for the Orb.
     0 | D:1      | Reached XP level 1. HP: 16/16 MP: 1/1
   106 | D:1      | Reached XP level 2. HP: 22/22 MP: 2/2
   332 | D:1      | Reached XP level 3. HP: 26/28 MP: 3/3
   715 | D:2      | Found a shattered altar of Ashenzari.
   817 | D:2      | Reached XP level 4. HP: 34/34 MP: 4/4
   923 | D:2      | Found a sacrificial altar of Ru.
  1115 | D:2      | Found a white marble altar of Elyvilon.
  1119 | D:2      | Found a snail-covered altar of Cheibriados.
  1310 | D:2      | Found a stormy altar of Qazlal.
  1466 | D:3      | Reached skill level 5 in Crossbows
  1466 | D:3      | Reached XP level 5. HP: 26/41 MP: 5/5
  1852 | D:3      | Noticed a centaur
  1857 | D:3      | Killed a centaur
  1857 | D:3      | Reached XP level 6. HP: 3/47 MP: 6/6
  2220 | D:3      | Noticed a phantom
  2241 | D:3      | Killed a phantom
  2241 | D:3      | Reached skill level 6 in Crossbows
  2241 | D:3      | Reached XP level 7. HP: 54/54 MP: 7/7
  2473 | D:3      | Noticed Johnny's ghost (average HuHu)
  2489 | D:3      | Killed Johnny's ghost
  3054 | D:4      | Found Lydghoen's Distillery.
  3063 | D:4      | HP: 2/55 [poisoned by a worker ant]
  3065 | D:4      | Slain by a worker ant

Action                   |  1- 3 |  4- 6 |  7- 9 || total
-------------------------+-------+-------+-------++-------
Melee: Hand axe          |    17 |       |    48 ||    65
 Fire: Hand crossbow     |    60 |   132 |    41 ||   233
  Use: Scroll            |     2 |       |     6 ||     8
       Potion            |       |       |     6 ||     6
 Stab: Sleeping          |       |       |     1 ||     1
  Eat: Chunk             |       |     2 |     2 ||     4
       Pizza             |       |       |     1 ||     1
